[Event "Titled Tuesday Blitz May 2 Early 2023"]
[White "Kornyukov, Alexey"]
[Black "Necula, Iulian"]
[WhiteFideId "4150457"]
[BlackFideId "1232380"]
[WhiteElo "2352"]
[BlackElo "1790"]
[Result "0-1"]
[Round "07"]
[TimeControl "180+2"]
[Date "2023.05.03"]
[WhiteClock "0:00:00"]
[BlackClock "0:00:00"]

1. e4 d6 2. d4 Nf6 3. Nc3 e5 4. f3 Nbd7 5. Be3 Be7 6. Qd2 c6 7. O-O-O Qc7 8. g4 h6 9. h4 b5 10. Nh3 Nb6 11. d5 Nc4 12. Bxc4 bxc4 13. dxc6 Qa5 14. Nd5 Qxd2+ 15. Rxd2 Nxd5 16. exd5 Bxh4 17. Bf2 Bf6 18. f4 Bxg4 19. fxe5 Bxe5 20. Bd4 Bf3 21. Re1 f6 22. Bxe5 fxe5 23. Rf2 Bxd5 24. c7 Kd7 25. Rd1 Be6 26. Ng1 Kxc7 27. Rg2 g5 28. Rgd2 d5 29. Nf3 Kd6 30. b3 c3 31. Re2 Bg4 32. Re3 Bxf3 33. Rxf3 Raf8 34. Rxc3 Rf2 35. Rcd3 d4 36. c3 Rc8 37. Kb1 Rf4 38. cxd4 exd4 39. Rxd4+ Rxd4 40. Rxd4+ Ke5 41. Rd7 Rg8 42. Rxa7 g4 43. Re7+ Kf4 44. Rf7+ Ke3 45. Re7+ Kf2 46. Rf7+ Kg2 47. a4 g3 48. a5 Kh1 49. Rf6 h5 50. Rf5 h4 51. Rh5 Rg4 52. Rc5 g2 53. Rc1+ g1=Q 54. a6 Rb4 55. Rxg1+ Kxg1 56. a7 Rxb3+ 57. Ka2 Rg3 58. a8=Q h3 59. Qa7+ Kg2 60. Qb7+ Kg1 61. Qb6+ Kh2 62. Qf2+ Rg2 63. Qxg2+ hxg2 0-1


[Site "https://www.chess.com"]

[Event "Titled Tuesday Blitz May 2 Early 2023"]
[White "Quirke, Jeffrey"]
[Black "Begunov, Konstantin"]
[WhiteFideId "2013029"]
[BlackFideId "4118510"]
[WhiteElo "2007"]
[BlackElo "2087"]
[Result "0-1"]
[Round "07"]
[TimeControl "180+2"]
[Date "2023.05.03"]
[WhiteClock "0:00:00"]
[BlackClock "0:00:00"]

1. e4 c5 2. Nc3 d6 3. f4 g6 4. Nf3 Bg7 5. Bb5+ Bd7 6. a4 a6 7. Bxd7+ Qxd7 8. Nd5 Qc6 9. d3 e6 10. Ne3 Ne7 11. O-O O-O 12. Qe1 Qd7 13. Qh4 Nbc6 14. f5 exf5 15. exf5 Nxf5 16. Nxf5 Qxf5 17. Bh6 Bxh6 18. Qxh6 Qf6 19. Ng5 Qg7 20. Qh4 Nd4 21. Rae1 h6 22. Ne4 Nf5 23. Rxf5 gxf5 24. Nf6+ Kh8 25. Re3 Qg5 0-1


[Site "https://www.chess.com"]

[Event "Titled Tuesday Blitz May 2 Early 2023"]
[White "Pasti, Aron"]
[Black "Osiecki, Stanislaw"]
[WhiteFideId "785857"]
[BlackFideId "1102990"]
[WhiteElo "2173"]
[BlackElo "2088"]
[Result "1-0"]
[Round "07"]
[TimeControl "180+2"]
[Date "2023.05.03"]
[WhiteClock "0:00:00"]
[BlackClock "0:00:00"]

1. e4 e6 2. d4 d5 3. exd5 exd5 4. Bd3 Bd6 5. c3 Ne7 6. Nf3 O-O 7. Bg5 f6 8. Bh4 Bf5 9. O-O Qd7 10. Re1 c6 11. Bg3 Bxg3 12. hxg3 Bxd3 13. Qxd3 Qf5 14. Qd1 Re8 15. Qb3 b6 16. Nbd2 Nd7 17. c4 Ng6 18. Nh4 Nxh4 19. gxh4 dxc4 20. Qxc4+ Qd5 21. Qxd5+ cxd5 22. Rxe8+ Rxe8 23. Rc1 Re2 24. Rc2 a5 25. Kf1 Re7 26. Rc8+ Kf7 27. Nf3 Nf8 28. Rc6 Re6 29. Rc7+ Re7 30. Rc2 h6 31. a4 g5 32. hxg5 hxg5 33. Rc3 Ne6 34. Rc6 g4 35. Nh2 Nxd4 36. Rxb6 Nc2 37. g3 Re1+ 38. Kg2 f5 39. Rb5 Rd1 40. Rxa5 Ke6 41. Nf1 d4 42. Rc5 d3 43. a5 Nd4 44. Rc4 Nf3 45. a6 Rxf1 46. Kxf1 Nd2+ 47. Ke1 Nxc4 48. a7 Nb6 49. Kd2 Kd5 50. Kxd3 Kc5 51. Ke3 Kd5 52. Kf4 Ke6 53. b4 Na8 54. Kg5 Ke5 55. Kg6 Nb6 56. Kg5 Ke4 57. Kf6 Na8 58. b5 Nb6 59. Ke6 Na8 60. Kd6 Kf3 61. Kc6 Kxf2 62. b6 Kxg3 63. b7 f4 64. bxa8=Q f3 65. Qb8+ Kg2 66. a8=Q f2 67. Qa2 g3 68. Qb7 Kg1 69. Qb6 g2 70. Qbxf2+ Kh1 71. Qxg2# 1-0


[Site "https://www.chess.com"]

[Event "Titled Tuesday Blitz May 2 Early 2023"]
[White "Kiseljova, Marya"]
[Black "Harriott, Tyrell"]
[WhiteFideId "4155009"]
[BlackFideId "2086484"]
[WhiteElo "1851"]
[BlackElo "2107"]
[Result "0-1"]
[Round "07"]
[TimeControl "180+2"]
[Date "2023.05.03"]
[WhiteClock "0:00:00"]
[BlackClock "0:00:00"]

1. d4 e6 2. c4 d5 3. Nf3 c6 4. g3 Bd6 5. Bg2 f5 6. O-O Nf6 7. Ne5 Nbd7 8. Bf4 Qc7 9. Nxd7 Bxd7 10. e3 O-O 11. c5 Bxf4 12. exf4 Be8 13. Nd2 Bh5 14. Qc2 Ne4 15. Rfe1 Rfe8 16. f3 Nf6 17. Re3 Bf7 18. Rae1 Kh8 19. b4 a6 20. a4 Rg8 21. h4 h6 22. Kf2 g5 23. hxg5 hxg5 24. Rh1+ Nh7 25. fxg5 Rxg5 26. f4 Rg7 27. Nf3 Kg8 28. Ne5 Nf6 29. Qd1 Ne4+ 30. Bxe4 dxe4 31. Rh6 Rd8 32. Qh1 Kf8 33. Rh8+ Bg8 34. Qh6 Ke8 35. Qh5+ Kf8 36. Ng6+ Ke8 37. Ne5+ Kf8 38. Re1 Rxd4 39. Ng6+ Ke8 40. Ne5+ Kd8 41. Qh4+ Qe7 42. Qh5 Kc7 43. Rh1 Rd2+ 44. Ke3 Qd8 45. Rxg8 Qd4# 0-1


[Site "https://www.chess.com"]

[Event "Titled Tuesday Blitz May 2 Early 2023"]
[White "Vargas Rodriguez, Wilver"]
[Black "Seder, Mohammed"]
[WhiteFideId "3509672"]
[BlackFideId "11505567"]
[WhiteElo "2224"]
[BlackElo "1862"]
[Result "0-1"]
[Round "07"]
[TimeControl "180+2"]
[Date "2023.05.03"]
[WhiteClock "0:00:00"]
[BlackClock "0:00:00"]

1. e4 e5 2. Nf3 Nc6 3. d4 exd4 4. Nxd4 Bc5 5. Be3 Qf6 6. c3 Bb6 7. Bc4 Nge7 8. O-O O-O 9. Na3 d6 10. Nab5 a6 11. Nxc6 Nxc6 12. Nd4 Ne5 13. Be2 Qg6 14. Bf3 c5 15. Bh5 Qf6 16. f4 cxd4 17. fxe5 dxe3 18. exf6 e2+ 19. Kh1 exd1=Q 20. Raxd1 g6 21. Be2 Rd8 22. e5 dxe5 23. Rxd8+ Bxd8 24. Bc4 Be6 25. Bxe6 fxe6 26. g4 Kf7 27. g5 h6 28. h4 hxg5 29. hxg5 Bc7 30. Kg2 Rd8 31. Rh1 Rd2+ 32. Kf3 Rh2 33. Rd1 Rh7 0-1


[Site "https://www.chess.com"]

[Event "Titled Tuesday Blitz May 2 Early 2023"]
[White "Smietanska, Wiktoria"]
[Black "Winkels, Marcel"]
[WhiteFideId "21869359"]
[BlackFideId "1003887"]
[WhiteElo "1995"]
[BlackElo "1900"]
[Result "0-1"]
[Round "07"]
[TimeControl "180+2"]
[Date "2023.05.03"]
[WhiteClock "0:00:00"]
[BlackClock "0:00:00"]

1. c4 e5 2. Nc3 d6 3. d4 exd4 4. Qxd4 Nf6 5. Nf3 Nc6 6. Qd2 Be6 7. b3 Ne5 8. Nd4 c6 9. g3 Qd7 10. Bg2 Bh3 11. O-O h5 12. f4 Bxg2 13. Kxg2 Ng6 14. e4 h4 15. f5 hxg3 16. hxg3 Ne5 17. Ba3 O-O-O 18. Rh1 Be7 19. Nf3 Nfg4 20. Qd4 g6 21. fxg6 fxg6 22. Nxe5 Nxe5 23. c5 Rxh1 24. Rxh1 Qg4 25. Qd1 Qxd1 26. Rxd1 dxc5 27. Rxd8+ Kxd8 28. Ne2 c4 29. bxc4 Bxa3 0-1


[Site "https://www.chess.com"]

[Event "Titled Tuesday Blitz May 2 Early 2023"]
[White "Hartikainen, Jarmo"]
[Black "Thiel, Thomas"]
[WhiteFideId "503134"]
[BlackFideId "4615964"]
[WhiteElo "2108"]
[BlackElo "2234"]
[Result "0-1"]
[Round "07"]
[TimeControl "180+2"]
[Date "2023.05.03"]
[WhiteClock "0:00:00"]
[BlackClock "0:00:00"]

1. e4 d5 2. exd5 Nf6 3. d4 Nxd5 4. c4 Nb6 5. Nc3 e5 6. dxe5 Qxd1+ 7. Nxd1 Nc6 8. Nf3 Bg4 9. Be2 O-O-O 10. Bf4 Bb4+ 11. Kf1 Bxf3 12. Bxf3 Nxc4 13. Bxc6 bxc6 14. a3 Bd2 15. Bg3 Bh6 16. f4 Rd2 17. Be1 Rxd1 18. Rxd1 Ne3+ 19. Ke2 Nxd1 20. Kxd1 Bxf4 21. Bg3 Bxg3 22. hxg3 Kd7 23. Kc2 Ke6 24. Rf1 Rd8 25. Kc3 Rd5 26. Rh1 h6 27. Kc4 Rxe5 28. b4 Rg5 29. Re1+ Kd7 30. Re3 Kd6 31. Rf3 Rg4+ 32. Kc3 f6 33. Rd3+ Ke7 34. Re3+ Kd7 35. Kb3 Kc8 36. Ka4 Kb7 37. Ka5 Rg5+ 38. Ka4 c5 39. bxc5 Rxc5 40. Re7 Rg5 0-1


[Site "https://www.chess.com"]

[Event "Titled Tuesday Blitz May 2 Early 2023"]
[White "Flis, Pawel"]
[Black "Floresvillar Gonzalez, Luis Migu"]
[WhiteFideId "1112864"]
[BlackFideId "5100542"]
[WhiteElo "1822"]
[BlackElo "2040"]
[Result "1-0"]
[Round "07"]
[TimeControl "180+2"]
[Date "2023.05.03"]
[WhiteClock "0:00:00"]
[BlackClock "0:00:00"]

1. e4 c6 2. d4 d5 3. exd5 cxd5 4. c4 Nf6 5. Nc3 e6 6. Nf3 Bb4 7. cxd5 Nxd5 8. Qc2 O-O 9. Bd3 h6 10. O-O b6 11. Nxd5 Qxd5 12. Be4 Qh5 13. Bxa8 Ba6 14. Rd1 Nd7 15. Be4 f5 16. Bd3 Bb7 17. Be2 Bd6 18. g3 Bxf3 19. Bxf3 Qxf3 20. Re1 Re8 21. Qe2 Qxe2 22. Rxe2 Nf6 23. Bd2 Kf7 24. Rc1 Nd5 25. a3 Re7 26. Ree1 Rd7 27. Be3 Nf6 28. f3 Nd5 29. Bf2 g5 30. Kg2 h5 31. h3 Nf6 32. Be3 g4 33. fxg4 hxg4 34. h4 Nh5 35. Bf2 Be7 36. Red1 Bf6 37. Rc6 f4 38. gxf4 Nxf4+ 39. Kg3 Ne2+ 40. Kxg4 Nxd4 41. Bxd4 Bxd4 42. Rc4 e5 43. Kf5 a5 44. Rc6 Re7 45. Rf6+ Kg7 46. Rg6+ Kh7 47. h5 Rf7+ 48. Rf6 Rg7 49. h6 Rg2 50. Rc1 e4 51. Rc7+ Kg8 52. h7+ Kh8 53. Rf8+ Rg8 54. Rxg8# 1-0


[Site "https://www.chess.com"]

[Event "Titled Tuesday Blitz May 2 Early 2023"]
[White "Castillo Pena, Patricia Evarista"]
[Black "Yonal, Timur"]
[WhiteFideId "6412106"]
[BlackFideId "44115725"]
[WhiteElo "1919"]
[BlackElo "1966"]
[Result "0-1"]
[Round "07"]
[TimeControl "180+2"]
[Date "2023.05.03"]
[WhiteClock "0:00:00"]
[BlackClock "0:00:00"]

1. d4 d5 2. Nf3 Nf6 3. e3 e6 4. Bd3 Bd6 5. b3 O-O 6. Bb2 Nbd7 7. Nbd2 c5 8. O-O b6 9. Ne5 Bb7 10. f4 Ne4 11. c4 f5 12. Qe2 Nxd2 13. Qxd2 Nf6 14. Rad1 Qe7 15. dxc5 bxc5 16. Qe2 Ne4 17. Bxe4 fxe4 18. Rd2 Ba6 19. Rfd1 Bxe5 20. Bxe5 Rac8 21. Qg4 dxc4 22. Rd7 Rf7 23. Rxe7 Rxe7 24. Rd6 Bb5 25. Rxe6 Bd7 26. Rxe7 Bxg4 27. Rxg7+ Kf8 28. Rxg4 cxb3 29. axb3 c4 30. bxc4 Rxc4 31. Bd4 a5 32. Rg7 Rxd4 33. exd4 Kxg7 34. Kf2 a4 0-1


[Site "https://www.chess.com"]

[Event "Titled Tuesday Blitz May 2 Early 2023"]
[White "Sanchez, Robert"]
[Black "Ciuffoletti, Paolo"]
[WhiteFideId "2034360"]
[BlackFideId "807630"]
[WhiteElo "1966"]
[BlackElo "2143"]
[Result "0-1"]
[Round "07"]
[TimeControl "180+2"]
[Date "2023.05.03"]
[WhiteClock "0:00:01"]
[BlackClock "0:00:01"]

1. e4 c5 2. Nf3 Nc6 3. d4 cxd4 4. Nxd4 Nf6 5. Nc3 e5 6. Ndb5 d6 7. Bg5 a6 8. Bxf6 gxf6 9. Na3 b5 10. Nd5 f5 11. Bd3 Be6 12. c4 bxc4 13. Nxc4 Bxd5 14. exd5 Ne7 15. Qa4+ Qd7 16. Nxd6+ Kd8 0-1


[Site "https://www.chess.com"]

[Event "Titled Tuesday Blitz May 2 Early 2023"]
[White "Vargas, Mauricio"]
[Black "Schut, Han"]
[WhiteFideId "4404572"]
[BlackFideId "1005561"]
[WhiteElo "1998"]
[BlackElo "2024"]
[Result "0-1"]
[Round "07"]
[TimeControl "180+2"]
[Date "2023.05.03"]
[WhiteClock "0:00:00"]
[BlackClock "0:00:00"]

1. e4 c5 2. g3 g6 3. Bg2 Bg7 4. f4 Nc6 5. Nf3 e6 6. O-O Nge7 7. c3 d5 8. e5 c4 9. Na3 h5 10. Nc2 Nf5 11. d3 cxd3 12. Qxd3 Qb6+ 13. Kh1 h4 14. g4 Ng3+ 15. hxg3 hxg3+ 16. Bh3 Rxh3+ 17. Kg2 Rh8 18. Kxg3 Bd7 19. Ncd4 a6 20. Be3 Qc7 21. Nb3 O-O-O 22. Rab1 g5 23. Rfe1 gxf4+ 24. Bxf4 f6 25. exf6 Rh3+ 26. Kxh3 Qxf4 27. fxg7 e5 28. Qg6 Qxf3+ 29. Kh4 Qf2+ 30. Kh5 Be8 31. g8=Q Bxg6+ 32. Qxg6 Rh8+ 33. Kg5 Qh4+ 34. Kf5 Ne7+ 0-1


[Site "https://www.chess.com"]

[Event "Titled Tuesday Blitz May 2 Early 2023"]
[White "Van Baar, Esper"]
[Black "Sadovsky, Artem"]
[WhiteFideId "1049321"]
[BlackFideId "4155840"]
[WhiteElo "2180"]
[BlackElo "2314"]
[Result "0-1"]
[Round "07"]
[TimeControl "180+2"]
[Date "2023.05.03"]
[WhiteClock "0:00:00"]
[BlackClock "0:00:00"]

1. e4 g6 2. d4 Bg7 3. Nc3 c6 4. Nf3 d5 5. h3 dxe4 6. Nxe4 Nd7 7. Bd3 Ngf6 8. Nxf6+ Nxf6 9. c3 O-O 10. O-O Qc7 11. Re1 c5 12. dxc5 Qxc5 13. Be3 Qc7 14. Bd4 Rd8 15. Qb3 Nd5 16. Bc4 e6 17. Bxg7 Kxg7 18. Rad1 Nb6 19. Bf1 Rxd1 20. Rxd1 e5 21. Qb4 Be6 22. a4 a5 23. Qb5 f6 24. b3 Nd7 25. c4 Nc5 26. Ne1 Bd7 0-1


[Site "https://www.chess.com"]

[Event "Titled Tuesday Blitz May 2 Early 2023"]
[White "Elissalt Cardenas, Hector"]
[Black "Kuchava, Ana"]
[WhiteFideId "3500632"]
[BlackFideId "13605348"]
[WhiteElo "2202"]
[BlackElo "2001"]
[Result "1-0"]
[Round "07"]
[TimeControl "180+2"]
[Date "2023.05.03"]
[WhiteClock "0:00:00"]
[BlackClock "0:00:00"]

1. c4 e6 2. Nc3 d5 3. cxd5 exd5 4. d4 c6 5. e3 Bf5 6. Bd3 Bxd3 7. Qxd3 Nf6 8. Nge2 Bd6 9. f3 O-O 10. Bd2 Nbd7 11. O-O-O c5 12. Qf5 Nb6 13. e4 dxe4 14. dxc5 exf3 15. gxf3 g6 16. Qg5 h6 17. Qg1 Rc8 18. cxd6 Nc4 19. d7 Nxd7 20. Qd4 Nxd2 21. Rxd2 Nf6 22. Qxd8 Rfxd8 23. Rxd8+ Rxd8 24. Rd1 Re8 25. Rd6 Kg7 26. Kd2 Nh5 27. Ne4 Rc8 28. Rd7 Rb8 29. Nd6 Kf6 30. Rxb7 Rd8 31. Rxf7+ Ke6 32. Rxa7 Rxd6+ 33. Ke3 Rb6 34. b3 Nf6 35. Nd4+ Kd6 36. Rf7 Nd5+ 37. Kd3 Nb4+ 38. Kc4 Nxa2 39. Rf6+ Kc7 40. Rxb6 Kxb6 41. b4 Nc1 42. Ne6 Ne2 43. Nc5 Ng1 44. f4 Nf3 45. Nd3 Nxh2 46. Kd5 1-0


[Site "https://www.chess.com"]

[Event "Titled Tuesday Blitz May 2 Early 2023"]
[White "Barria Santos, Jose Guilherme"]
[Black "Lakshmi C"]
[WhiteFideId "1939300"]
[BlackFideId "25035347"]
[WhiteElo "2266"]
[BlackElo "1942"]
[Result "1-0"]
[Round "07"]
[TimeControl "180+2"]
[Date "2023.05.03"]
[WhiteClock "0:00:00"]
[BlackClock "0:00:00"]

1. d4 Nf6 2. c4 e6 3. Nc3 d5 4. cxd5 exd5 5. Bg5 Be6 6. e3 c6 7. Bd3 Bd6 8. Nge2 Nbd7 9. O-O h6 10. Bh4 Qb6 11. Qc2 g5 12. Bg3 Bxg3 13. Nxg3 h5 14. Nf5 O-O-O 15. Nd6+ Kb8 16. a4 Qc7 17. Nf5 Ng4 18. g3 h4 19. e4 hxg3 20. fxg3 dxe4 21. Nxe4 Bxf5 22. Rxf5 Ne3 23. Qf2 Nxf5 24. Qxf5 f6 25. Rd1 Rdf8 26. b4 Ka8 27. b5 cxb5 28. Qxb5 Nb6 29. Nc5 Qc6 30. Be4 Qxb5 31. Bxb7+ Kb8 32. axb5 Rf7 33. Bc6 Nc8 34. Na6# 1-0


[Site "https://www.chess.com"]

[Event "Titled Tuesday Blitz May 2 Early 2023"]
[White "Bluebaum, Matthias"]
[Black "Duda, Jan-Krzysztof"]
[WhiteFideId "24651516"]
[BlackFideId "1170546"]
[WhiteElo "2638"]
[BlackElo "2790"]
[Result "1/2-1/2"]
[Round "08"]
[TimeControl "180+2"]
[Date "2023.05.02"]
[WhiteClock "0:00:47"]
[BlackClock "0:00:04"]

1. d4 Nf6 2. c4 g6 3. Nc3 d5 4. cxd5 Nxd5 5. e4 Nxc3 6. bxc3 Bg7 7. Nf3 c5 8. Bb5+ Nc6 9. O-O cxd4 10. cxd4 O-O 11. Bxc6 bxc6 12. Qc2 Bg4 13. Ne5 Qxd4 14. Bb2 Qb6 15. Rab1 Bxe5 16. Bxe5 Qa6 17. Rfc1 Be6 18. Qc5 Rfe8 19. a3 f6 20. Bd4 Kf7 21. f4 Red8 22. f5 gxf5 23. exf5 Ba2 24. Re1 Rd7 25. Rb2 Qd3 26. Bxf6 exf6 27. Rxa2 Qd4+ 28. Qxd4 Rxd4 29. Rc2 Rc8 30. Rec1 Ra4 31. Rc3 c5 32. Rxc5 Rxc5 33. Rxc5 Rxa3 34. Rc7+ Kg8 35. Kf2 h5 36. h3 a5 37. Ra7 a4 38. h4 Kf8 39. g3 Kg8 40. Kg2 Kf8 41. Kf2 Kg8 42. Kg2 Kf8 43. Kf2 1/2-1/2


[Site "https://www.chess.com"]

[Event "Titled Tuesday Blitz May 2 Early 2023"]
[White "Gupta, Abhijeet"]
[Black "Fedoseev, Vladimir"]
[WhiteFideId "5010608"]
[BlackFideId "24130737"]
[WhiteElo "2528"]
[BlackElo "2752"]
[Result "1-0"]
[Round "08"]
[TimeControl "180+2"]
[Date "2023.05.02"]
[WhiteClock "0:01:37"]
[BlackClock "0:00:53"]

1. d4 Nf6 2. Nf3 e6 3. Bf4 d5 4. e3 Bd6 5. Nbd2 O-O 6. c3 b6 7. Ne5 Nfd7 8. Bd3 f5 9. Ndf3 Nxe5 10. Nxe5 Qe8 11. g4 Nc6 12. Bb5 Bb7 13. Rg1 Kh8 14. h4 a6 15. Bxc6 Bxc6 16. h5 Bb7 17. Qf3 Qe7 18. Ng6+ hxg6 19. hxg6 Bxf4 20. exf4 1-0


[Site "https://www.chess.com"]

[Event "Titled Tuesday Blitz May 2 Early 2023"]
[White "Nakamura, Hikaru"]
[Black "Chigaev, Maksim"]
[WhiteFideId "2016192"]
[BlackFideId "4108116"]
[WhiteElo "2885"]
[BlackElo "2547"]
[Result "1-0"]
[Round "08"]
[TimeControl "180+2"]
[Date "2023.05.02"]
[WhiteClock "0:00:27"]
[BlackClock "0:00:03"]

1. Nf3 Nf6 2. e3 g6 3. b3 Bg7 4. Bb2 O-O 5. d4 c5 6. dxc5 Qa5+ 7. c3 Qxc5 8. Ba3 Qb6 9. Bxe7 Re8 10. Bxf6 Bxf6 11. Be2 d5 12. O-O Nc6 13. Nd4 h5 14. Nd2 Bd7 15. N2f3 Rad8 16. Qd2 Kg7 17. Rfd1 a6 18. Rac1 Bc8 19. Ne1 Ne5 20. Nd3 Ng4 21. Nf4 Be5 22. h3 Nf6 23. Nd3 Ne4 24. Qe1 Bf6 25. Bf1 g5 26. Ne2 Bf5 27. g3 Qe6 28. Kh2 Bg6 29. Bg2 b5 30. Nb4 a5 31. Nc2 h4 32. g4 Nxc3 33. Nxc3 Qe5+ 34. Kg1 Qxc3 35. Qxc3 Bxc3 36. Nd4 b4 37. Nb5 d4 38. exd4 Re2 39. Nxc3 bxc3 40. Rxc3 Rxa2 41. Rc5 Kh6 42. d5 Ra3 43. d6 Rxb3 44. d7 Rb1 45. Rxb1 Bxb1 46. Bc6 Ba2 47. Rxa5 Be6 48. Ba4 Kg6 49. f3 Kf6 50. Kf2 Bxd7 51. Rd5 Ke6 52. Bb3 Kf6 53. Bd1 Kg6 54. Be2 Kf6 55. Bd3 Ke7 56. Rxg5 Bxg4 57. hxg4 Rxd3 58. Rh5 Rd2+ 59. Ke3 Rh2 60. Rh6 Rh1 61. Kf4 Kf8 62. Kg5 Kg7 63. Rxh4 Ra1 64. Kf4 Ra4+ 65. Kg3 Rb4 66. Rh5 Ra4 67. Rc5 Rb4 68. Rf5 Ra4 69. Kh4 Rb4 70. Kg5 Rb6 71. Rc5 Rg6+ 72. Kf4 Ra6 73. Kg3 Ra4 74. f4 Ra3+ 75. Kh4 Rd3 76. Kg5 Rd6 77. f5 Ra6 78. Rc7 Rb6 79. Kh5 Rh6+ 80. Kg5 Rb6 81. Rc4 Ra6 82. Kf4 f6 83. Kg3 Kh6 84. Kh4 Ra1 85. Rc8 Rh1+ 86. Kg3 Rg1+ 87. Kf3 Rf1+ 88. Kg2 Ra1 89. Rg8 Ra4 90. Rg6+ Kh7 91. Kg3 Ra6 92. Kh4 Rb6 93. Kh5 Ra6 94. g5 1-0


[Site "https://www.chess.com"]

[Event "Titled Tuesday Blitz May 2 Early 2023"]
[White "Bortnyk, Olexandr"]
[Black "Durarbayli, Vasif"]
[WhiteFideId "14120828"]
[BlackFideId "13402935"]
[WhiteElo "2734"]
[BlackElo "2551"]
[Result "1-0"]
[Round "08"]
[TimeControl "180+2"]
[Date "2023.05.02"]
[WhiteClock "0:00:23"]
[BlackClock "0:00:07"]

1. d4 d5 2. Nc3 Bf5 3. f3 e6 4. e4 Bg6 5. h4 h6 6. Bd3 Nf6 7. Be3 Bb4 8. e5 Bxc3+ 9. bxc3 Nfd7 10. Bxg6 fxg6 11. Qd3 Kf7 12. Ne2 Re8 13. h5 Nf8 14. hxg6+ Nxg6 15. g4 c5 16. f4 c4 17. Qd2 Ne7 18. Ng3 Nbc6 19. f5 Ng8 20. Nh5 g6 21. fxg6+ Kxg6 22. Nf6 Kf7 23. Nxe8 Kxe8 24. Bxh6 Kd7 25. Bg5 Qe8 26. Rh7+ Kc8 27. O-O-O Qg6 28. Rdh1 a5 29. Qf4 Kb8 30. Qf8+ Ka7 31. Qg7 1-0


[Site "https://www.chess.com"]

[Event "Titled Tuesday Blitz May 2 Early 2023"]
[White "Asis Gargatagli, Hipolito"]
[Black "Le, Tuan Minh"]
[WhiteFideId "2260735"]
[BlackFideId "12401153"]
[WhiteElo "2557"]
[BlackElo "2566"]
[Result "0-1"]
[Round "08"]
[TimeControl "180+2"]
[Date "2023.05.02"]
[WhiteClock "0:00:03"]
[BlackClock "0:00:04"]

1. e4 c5 2. Nf3 Nf6 3. Nc3 d5 4. Bb5+ Bd7 5. e5 Bxb5 6. Nxb5 Qd7 7. a4 Ng8 8. O-O e6 9. d4 a6 10. Nc3 Nc6 11. Ne2 cxd4 12. Nexd4 Nge7 13. c3 Ng6 14. Re1 Be7 15. g3 Qc7 16. Qe2 h6 17. h4 Nf8 18. h5 Nd7 19. Bf4 O-O 20. Kg2 Rac8 21. Qe3 Nxd4 22. Nxd4 Rfe8 23. g4 Qd8 24. Bg3 Bc5 25. Kh3 f6 26. exf6 Qxf6 27. f4 Bxd4 28. cxd4 Rc4 29. f5 Nf8 30. b3 Rc6 31. Rf1 Nh7 32. Bh4 Qf7 33. f6 gxf6 34. Qxh6 Rc3+ 35. Kg2 Qg7 36. Qxg7+ Kxg7 37. Rf3 Rxf3 38. Kxf3 Rc8 39. Re1 Kf7 40. Re3 Rc1 41. Kf4 b5 42. axb5 axb5 43. Rf3 Rd1 44. Ke3 Rb1 45. Kd2 Kg7 46. Re3 b4 47. Rxe6 Rxb3 48. Re7+ Kg8 49. h6 Rh3 50. Rg7+ Kh8 51. Rb7 Kg8 52. Rg7+ Kf8 53. Rb7 Rxh4 54. Rxh7 Rxg4 55. Kd3 Rg3+ 56. Kc2 Rh3 57. Rb7 b3+ 58. Kd2 b2 59. h7 Rxh7 60. Rb8+ Kg7 0-1


[Site "https://www.chess.com"]

[Event "Titled Tuesday Blitz May 2 Early 2023"]
[White "Maghsoodloo, Parham"]
[Black "Livaic, Leon"]
[WhiteFideId "12539929"]
[BlackFideId "14531534"]
[WhiteElo "2647"]
[BlackElo "2509"]
[Result "1-0"]
[Round "08"]
[TimeControl "180+2"]
[Date "2023.05.02"]
[WhiteClock "0:00:21"]
[BlackClock "0:01:05"]

1. d4 Nf6 2. c4 e6 3. Nf3 d5 4. Bg5 Bb4+ 5. Nc3 dxc4 6. Qa4+ Nc6 7. e3 Qd5 8. Bxf6 gxf6 9. Qc2 b5 10. a4 Bxc3+ 11. Qxc3 Rb8 12. Nd2 a6 13. axb5 axb5 14. Be2 f5 15. b3 cxb3 16. Bf3 b4 17. Qxc6+ Qxc6 18. Bxc6+ Ke7 19. Nxb3 Rb6 20. Bf3 Ba6 21. Rc1 Rc8 22. Be2 Bb7 23. O-O f6 24. Bf3 e5 25. Bxb7 Rxb7 26. Rc6 Ra8 27. Rb1 Ra3 28. g3 exd4 29. Nxd4 b3 30. Rc3 c5 31. Rcxb3 Rbxb3 32. Nxb3 Kd6 33. Kf1 c4 34. Nd4 Kd5 35. Rd1 Ke4 36. Nb5 Rb3 37. Nd6+ Kf3 38. Nxc4 h5 39. h4 Kg4 40. Rd4+ Kh3 41. Nd2 Rb2 42. Ke2 Kg2 43. Rf4 Rb5 44. e4 fxe4 45. Rxf6 Rb4 46. Rf4 Rb2 47. Rxe4 Rb5 48. Rf4 Re5+ 49. Ne4 Re8 50. Ke3 Re7 51. Rf5 Rh7 52. Kf4 Rh8 53. Kg5 Re8 54. Nf6 Rh8 55. Nxh5 Kh3 56. Nf4+ Kh2 57. Ng6 Kh3 58. Nxh8 1-0


[Site "https://www.chess.com"]

[Event "Titled Tuesday Blitz May 2 Early 2023"]
[White "Nagy, Gabor"]
[Black "Van Foreest, Jorden"]
[WhiteFideId "737119"]
[BlackFideId "1039784"]
[WhiteElo "2514"]
[BlackElo "2633"]
[Result "1/2-1/2"]
[Round "08"]
[TimeControl "180+2"]
[Date "2023.05.02"]
[WhiteClock "0:00:10"]
[BlackClock "0:00:20"]

1. Nf3 Nf6 2. g3 d5 3. Bg2 g6 4. O-O Bg7 5. b3 O-O 6. Bb2 c6 7. c4 Re8 8. d3 Nbd7 9. Nbd2 e5 10. e4 dxe4 11. dxe4 a5 12. Qc2 Qe7 13. Rfd1 a4 14. Bc3 c5 15. Nf1 b6 16. Ne3 Bb7 17. Nd2 Nf8 18. Nd5 Qd8 19. Nf1 N6d7 20. Nfe3 Bc6 21. b4 cxb4 22. Bxb4 Ne6 23. Rab1 Nd4 24. Qb2 Bf8 25. Bxf8 Rxf8 26. a3 Rb8 27. h4 Nc5 28. h5 Qg5 29. hxg6 hxg6 30. Rd2 Ncb3 31. Rd3 Kg7 32. f4 Qh5 33. fxe5 Qxe5 34. Nc2 Ne2+ 35. Kf2 Qxb2 36. Rxb2 b5 37. Kxe2 Nc1+ 38. Kd2 Nxd3 39. Kxd3 bxc4+ 40. Kc3 Rb3+ 41. Rxb3 cxb3 42. Nd4 Bd7 43. Bf1 Rc8+ 44. Kb2 Rh8 45. Nb6 Rh2+ 46. Kc3 Be8 47. Bd3 Ra2 48. Kb4 Rg2 49. Nxa4 Bxa4 50. Kxa4 Rd2 51. Nxb3 Rxd3 52. Kb4 Rxg3 53. a4 Re3 54. Nc5 Re1 55. a5 Rb1+ 56. Kc4 g5 57. a6 g4 58. Nb3 Rb2 59. Nd4 Ra2 60. Kb5 g3 61. Nf5+ Kf6 62. Nxg3 Ke5 63. Kb6 Kd6 64. Nf5+ Kd7 65. Nd4 Ra4 66. Nb5 Rxe4 67. a7 Ra4 68. Kb7 f5 69. a8=Q Rxa8 70. Kxa8 f4 71. Nd4 Kd6 72. Kb7 Kd5 73. Nf3 Ke4 74. Nh4 f3 75. Nxf3 1/2-1/2


[Site "https://www.chess.com"]

[Event "Titled Tuesday Blitz May 2 Early 2023"]
[White "Sammed Jaykumar, Shete"]
[Black "Ter-Sahakyan, Samvel"]
[WhiteFideId "5073421"]
[BlackFideId "13302531"]
[WhiteElo "2278"]
[BlackElo "2566"]
[Result "0-1"]
[Round "08"]
[TimeControl "180+2"]
[Date "2023.05.02"]
[WhiteClock "0:00:01"]
[BlackClock "0:00:06"]

1. e4 c5 2. Nf3 e6 3. d4 cxd4 4. Nxd4 Nf6 5. Nc3 Nc6 6. f4 Bb4 7. Nxc6 bxc6 8. Bd3 d5 9. e5 Nd7 10. a3 Bc5 11. Na4 Qa5+ 12. c3 Be7 13. b4 Qc7 14. Be3 c5 15. O-O g6 16. c4 d4 17. Bd2 O-O 18. Nb2 Bb7 19. b5 f6 20. exf6 Bxf6 21. Qg4 Rae8 22. Rae1 Qd6 23. Nd1 Bg7 24. Nf2 e5 25. f5 Nf6 26. Qg3 Nh5 27. Qh3 Nf6 28. fxg6 e4 29. Nxe4 Bxe4 30. Bxe4 h5 31. Bd3 Kh8 32. a4 Kg8 33. a5 Qd8 34. Re6 Qb8 35. Rfe1 Rxe6 36. Qxe6+ Kh8 37. Qh3 Kg8 38. Bg5 Qd6 39. Qe6+ Qxe6 40. Rxe6 Ng4 41. b6 axb6 42. axb6 Ne5 43. Bf1 d3 44. b7 Nc6 45. Be3 Nd4 46. Rd6 Ne2+ 47. Bxe2 dxe2 0-1


[Site "https://www.chess.com"]